 Dungeon Crawl Stone Soup version 0.29.1-12-g30fa7ad0bf (webtiles) character file.

Game seed: 7065312653441980400

52 Sanktem7 the Sneak (level 3, -1/16 HPs)
             Began as a Spriggan Enchanter on Dec 26, 2022.
             Slain by Jessica
             ... wielding a +0 dagger
              (5 damage)
             ... on level 3 of the Dungeon.
             The game lasted 00:10:39 (1961 turns).

Sanktem7 the Sneak (Spriggan Enchanter)             Turns: 1961, Time: 00:10:40

Health: -1/16      AC:  3    Str:  6    XL:     3   Next: 60%
Magic:  1/8        EV: 17    Int: 16    God:
Gold:   72         SH:  0    Dex: 15    Spells: 6/8 levels left

rFire   . . .      SeeInvis +   a - +1 dagger {short}
rCold   . . .      Faith    .   (no shield)
rNeg    + . .      Spirit   .   b - +1 robe
rPois   .          Reflect  .   (helmet restricted)
rElec   .          Harm     .   (no cloak)
rCorr   .          Rampage  .   (gloves unavailable)
Will    .....                   (boots unavailable)
Stlth   +++.......              (no amulet)
HPRegen 0.05/turn               v - ring of positive energy
MPRegen 0.11/turn               (no ring)

@: very quick
A: very small, no large weapons, unfitting armour, see invisible, speed 3
a: no special abilities


You were on level 3 of the Dungeon.
You visited 1 branch of the dungeon, and saw 3 of its levels.

You collected 72 gold pieces.


Innate Abilities, Weirdness & Mutations

You are very small and have problems with some larger weapons.
You are too small for most types of armour.
You have supernaturally acute eyesight. (SInv)
You cover ground extremely quickly. (Speed+++)


   Skills:
 - Level 1.1 Short Blades
 - Level 2.6 Dodging
 * Level 5.6 Stealth
 + Level 3.3 Spellcasting
 * Level 4.5 Hexes


You had 6 spell levels left.
You knew the following spells:

 Your Spells              Type           Power      Damage    Failure   Level
a - Ensorcelled Hibernat  Hex/Ice        18%        N/A       11%         2

Your spell library contained the following spells:

 Spells                   Type           Power      Damage    Failure   Level
 Confusing Touch          Hex            17%        N/A       9%          3
 Tukima's Dance           Hex            17%        N/A       9%          3
 Dazzling Flash           Conj/Hex       18%        N/A       22%         3

Inventory:

Hand Weapons
 a - a +1 dagger (weapon) {short}
Missiles
 f - 26 stones (quivered) {throwing}
 p - 3 curare-tipped darts {=fthrowing}
 u - 4 datura-tipped darts {throwing}
Armour
 b - a +1 robe (worn)
Magical Staves
 e - a staff of poison {!astaff}
   (You found it on level 1 of the Dungeon)
Jewellery
 v - a ring of positive energy (left hand)
   (You found it on level 2 of the Dungeon)
Scrolls
 d - 2 scrolls of poison {!r}
Potions
 c - 2 potions of invisibility
 g - a potion of mutation {unknown}
 h - 2 potions of might {unknown}
 i - 3 potions of flight
 j - 3 potions of curing {unknown}
 k - a potion of degeneration {!q@e2}
 n - 2 potions of lignification {unknown}
 o - 2 potions of brilliance {unknown}
 r - 2 potions of attraction {unknown}
 s - a potion of magic {unknown}

Dungeon Overview and Level Annotations

Branches:
Dungeon (3/15) Zot: 16546

Altars:
Nemelex Xobeh

Annotations:
D:3 Jessica

#.#............#.).#......#......
#.#..........####.####....#......
..#.........##..#'#..##..##......
............#...'.'._.#...#......
..#######.).##.##.##.##.#.#......
..#<## #....###.#.###..#...#####
..'..####........#...)..#####
.....K..........###.###.######
#.#.#.#........@@...##.......#
#.#.#.#........#######.......#
#.#.#.#.#......# #.......#
#.#S#.#.#......# #.......#
#.#.#.#.#......# #.#######
.........#.....# #.#
..######.......# ##.# ##......#
#..# #.#.#### ##.##


You could see Jessica.


Message History

a +0 short sword {short}; a hobgoblin corpse
Found a stone staircase leading down.
There is a stone staircase leading down here. 😎 MP[+1]
There are no items here. 😎 MP[+1]
The kobold throws a poisoned dart.
The poisoned dart hits you!
You are poisoned.
Unknown command.
You feel sick. 😕 HP[-1]
You take 1 damage, and now have 15/16 hp.
You feel sick. 😕 HP[-1]
You take 1 damage, and now have 14/16 hp.
You feel sick. 😕 HP[-1]
You take 1 damage, and now have 13/16 hp.
You feel sick. 😮 HP[-1]
You take 1 damage, and now have 12/16 hp.
You feel sick. 😮 HP[-1]
You take 1 damage, and now have 11/16 hp.
You feel sick. 😮 HP[-1]
You take 1 damage, and now have 10/16 hp.
A rat comes into view.
Found 3 stones.
Found a stone staircase leading up.
You feel sick.
You are no longer poisoned. 😮 HP[-1]
You take 1 damage, and now have 9/16 hp.
Found a stone staircase leading down.
A kobold comes into view. It is wielding a +0 dagger. 😮 HP[+1]
A bat comes into view. 😮 MP[+1]
You see here a scroll labelled LEHACI WOEMORGH.
Casting: Ensorcelled Hibernation (safe; 11% risk of failure)
Confirm with . or Enter, or press ? or * to list all spells.
Aiming: Ensorcelled Hibernation (safe; 11% risk of failure)
Press: ? - help, Shift-Dir - straight line, f - rat
Aim: a rat (chance to affect: 61%)
The rat looks drowsy... 😮 MP[-2]
You lost 2 mp, and now have 2/8 mp.
The helpless rat fails to defend itself.
You puncture the rat!
You kill the rat!
The helpless kobold fails to defend itself.
You impale the kobold!!
You kill the kobold!
You see here 3 stones {throwing}.
The bat closely misses you.
You hit the bat.
You kill the bat! 😮 MP[+1]
There is a stone staircase leading down here.
f - 26 stones {throwing} (gained 3)
The kobold throws a poisoned dart.
The poisoned dart barely misses you.
Casting: Ensorcelled Hibernation (safe; 11% risk of failure)
Confirm with . or Enter, or press ? or * to list all spells.
Aiming: Ensorcelled Hibernation (safe; 11% risk of failure)
Press: ? - help, Shift-Dir - straight line, f - kobold
Aim: a kobold, wielding a +0 whip and quivering poisoned darts (chance to affect: 61%)
The kobold looks drowsy... 😮 MP[-2]
You lost 2 mp, and now have 1/8 mp.
The kobold shouts!
The kobold completely misses you.
You closely miss the kobold. 😮 MP[+1]
You hit the kobold. The kobold hits you with a +0 whip.
* * * LOW HITPOINT WARNING * * *
😨 HP[-3]
You take 3 damage, and now have 7/16 hp.
You hit the kobold but do no damage. The kobold hits you with a +0 whip.
* * * LOW HITPOINT WARNING * * *
😱 HP[-3]
You take 3 damage, and now have 4/16 hp.
You hit the kobold. The kobold misses you.
A kobold comes into view. It is wielding a +0 club.
The kobold shouts!
You hit the kobold.
You kill the kobold!
The kobold throws a stone.
The stone closely misses you.
Things that are here:
a +0 whip {mace}; 2 poisoned darts {throwing}; a kobold corpse 😱 MP[+1]
Things that are here:
a +0 short sword {short}; a hobgoblin skeleton Jessica shouts!
You see here a ball python corpse.
Casting: Ensorcelled Hibernation (safe; 11% risk of failure)
Confirm with . or Enter, or press ? or * to list all spells.
Aiming: Ensorcelled Hibernation (safe; 11% risk of failure)
Press: ? - help, Shift-Dir - straight line, f - Jessica
Aim: Jessica, wielding a +0 dagger and wearing a +0 robe (chance to affect: 51%) Jessica resists with some effort.
Jessica hits you with a +0 dagger.
You die...

Skill      XL: |  1  2 |
---------------+-------+-----
Hexes          | 4 |  4.5
Stealth        | 5 |  5.6
Spellcasting   | 3 |  3.3
Short Blades   | |  1.1
Dodging        | |  2.6

Action                   || total
-------------------------++-------
Melee: Dagger            ||    76
       Punch             ||     1
 Cast: Ensorcelled Hiber ||    35
  Use: Scroll            ||     5
 Stab: Sleeping          ||    28
Armor: Robe              ||     8
Dodge: Dodged            ||    58

Levels and vault maps discovered:
D:1:      co_arrival_square_in_a_square_in_a_square, layout_loops_ring,
          hellmonk_ecumenical_altar_arch_garden
D:2:      layout_rooms
D:3:      layout_basic, nemelex_dance_club_becter, grunt_gozag_breadcrumbs,
          minmay_misc_feat_rows, uniq_jessica, uniq_sigmund

Notes
Turn   | Place    | Note
-------+----------+-------------------------------------------
     0 | D:1      | Sanktem7 the Spriggan Enchanter began the quest for the
                  | Orb.
     0 | D:1      | Reached XP level 1. HP: 9/9 MP: 5/5
     0 | D:1      | magus.rc [v1.9.6]
    60 | D:1      | Found a faded altar of an unknown god.
   341 | D:1      | Reached XP level 2. HP: 13/13 MP: 6/6
   344 | D:1      | Learned a level 2 spell: Ensorcelled Hibernation
   351 | D:1      | Reached skill level 4 in Hexes
   534 | D:1      | Reached skill level 5 in Stealth
   539 | D:1      | Reached skill level 3 in Spellcasting
  1099 | D:2      | Reached XP level 3. HP: 16/16 MP: 3/8
  1648 | D:3      | Found a sparkling altar of Nemelex Xobeh.
  1837 | D:3      | Noticed Jessica
  1937 | D:3      | HP: 4/16 [kobold/+0 whip (4)]
  1961 | D:3      | Slain by Jessica

Vanquished Creatures
  A worm (D:2)
  2 orcs (D:3)
  6 ball pythons
  4 bats
  4 endoplasms
  2 giant cockroaches
  3 goblins
  4 hobgoblins
  3 quokkas (D:2)
  4 frilled lizards
  4 kobolds
  5 rats
42 creatures vanquished.

Table legend:
 A = Non-vault XP
 B = Vault XP
 C = Vault XP percentage of total XP
 D = Non-vault monster count
 E = Vault monster count
 F = Vault count percentage of total count
                 A         B        C        D         E       F
            +---------+---------+-------+---------+---------+-------
      Total |      70 |       5 |   6.7 |      40 |       2 |   4.8
            +---------+---------+-------+---------+---------+-------
        D:1 |      27 |       0 |   0.0 |      17 |       0 |   0.0
        D:2 |      25 |       0 |   0.0 |      12 |       0 |   0.0
        D:3 |      18 |       5 |  21.7 |      11 |       2 |  15.4
            +---------+---------+-------+---------+---------+-------

Illustrated notes

Table legend:
 A = Kills in this place as a percentage of kills in entire the game.
 B = Kills by you in this place as a percentage of kills by you in the entire game.
 C = Kills by friends in this place as a percentage of kills by friends in the entire game.
 D = Other kills in this place as a percentage of other kills in the entire game.
 E = Experience gained in this place as a percentage of experience gained in the entire game.
 F = Experience gained in this place divided by the number of levels of this place that you have seen.
                   A       B       C       D       E      F
               +-------+-------+-------+-------+-------+----------------------
         Total | 100.0 | 100.0 |   N/A |   N/A | 100.0 |  25.0
       Dungeon | 100.0 | 100.0 |   N/A |   N/A | 100.0 |  25.0
               +-------+-------+-------+-------+-------+----------------------

Table legend: (Time is in decaauts)
 A = Elapsed time spent in this place.
 B = Non-inter-level travel time spent in this place.
 C = Inter-level travel time spent in this place.
 D = Time resting spent in this place.
 E = Time spent auto-exploring this place.
 F = Levels seen in this place.
 G = Mean time per level.
                   A        B        C        D        E       F      G
               +--------+--------+--------+--------+--------+-----+--------+
         Total |   1452 |   1442 |     10 |    372 |    511 |   3 |  484.0 |
       Dungeon |   1452 |   1442 |     10 |    372 |    511 |   3 |  484.0 |
               +--------+--------+--------+--------+--------+-----+--------+

Top non-repeatable levels by time:
     D:1: 655 daAuts
     D:2: 537 daAuts
     D:3: 259 daAuts
